 Dungeon Crawl Stone Soup version 0.18.1-50-g88ac8fd (console) character file.

32 CALLOUS the Ducker (level 3, -2/25 HPs)
             Began as a Merfolk Conjurer on Oct 11, 2016.
             Slain by Terence
             ... wielding a +0 hand axe
              (6 damage)
             ... on level 2 of the Dungeon.
             The game lasted 00:31:06 (2289 turns).

CALLOUS the Ducker (Merfolk Conjurer)               Turns: 2289, Time: 00:31:07

Health: -2/25      AC:  3    Str:  9    XL:     3   Next: 25%
Magic:  0/6        EV: 14    Int: 14    God:
Gold:   81         SH:  0    Dex: 14    Spells: 1 memorised, 5 levels left

rFire  . . .     SeeInvis .     (no weapon)
rCold  . . .     Gourm    .     a - +0 robe
rNeg   . . .     Faith    .     (no shield)
rPois  .         Spirit   .     (no helmet)
rElec  .         Dismiss  .     i - +0 cloak
rCorr  .         Reflect  .     (no gloves)
SustAt .         Harm     .     (no boots)
MR     .....                    (no amulet)
Stlth  ++........               (no ring)
                                (no ring)

@: very slightly contaminated, not resistant to hostile enchantments, unstealthy
A: change form in water, swift swim
a: no special abilities


You were on level 2 of the Dungeon.
You were hungry.

You visited 1 branch of the dungeon, and saw 2 of its levels.

You collected 81 gold pieces.

Inventory:

Hand Weapons
 m - a cursed -3 whip
Missiles
 g - 17 stones (quivered)
 j - 52 sling bullets
 l - 11 bolts
 s - 15 arrows
Armour
 a - a +0 robe (worn)
 i - a +0 cloak (worn)
 n - a +0 cloak
Scrolls
 d - a scroll of immolation {unknown}
 e - 2 scrolls of remove curse {unknown}
 h - 2 scrolls of recharging {unknown}
Potions
 f - a potion of heal wounds
 o - a potion of invisibility {unknown}
 q - a potion of haste {unknown}
 r - 2 potions of beneficial mutation {unknown}
Books
 b - a book of Conjurations

   Spells                             Type                      Level
   a - Magic Dart                     Conjuration                  1
   b - Searing Ray                    Conjuration                  2
   c - Dazzling Spray                 Conjuration/Hexes            3
   d - Fulminant Prism                Conjuration/Hexes            4
   e - Iskenderun's Mystic Blast      Conjuration                  4
   f - Iskenderun's Battlesphere      Conjuration/Charms           5
Comestibles
 c - a bread ration
 k - a beef jerky


   Skills:
 + Level 0.4 Fighting
 * Level 4.0 Dodging
 + Level 3.0 Stealth
 - Level 2.0 Spellcasting
 - Level 3.2 Conjurations


You had 5 spell levels left.
You knew the following spells:

 Your Spells              Type           Power        Failure   Level  Hunger
a - Magic Dart            Conj           ##..         10%         1    ##.....


Dungeon Overview and Level Annotations

Branches:
Dungeon (2/15)

Altars:

Annotations:
D:2 Terence


Message History

Terence hits you with a hand axe.
You completely miss Terence.
Terence is heavily wounded.
Terence hits you but does no damage.
You hit Terence but do no damage.
Terence is heavily wounded.
Terence hits you with a hand axe.
You hit Terence but do no damage.
Terence is heavily wounded.
Terence hits you with a hand axe.
* * * LOW HITPOINT WARNING * * *
Casting: Magic Dart
Confirm with . or Enter, or press ? or * to list all spells.
Aiming: Magic Dart
Press: ? - help, Shift-Dir - straight line, f/p - Terence
Aim: Terence, wielding a hand axe and wearing a shiny scale mail (heavily wounded)
The magic dart hits Terence.
Terence is heavily wounded.
Terence hits you with a hand axe.
You die...

..# #((.
#########.###.((
.....(...รท....#
%........$#..#
....<.....#..#
#.#....# #.#.#.#
#.)...# ##...#.#
#.#####...##@##
#.......#..@..#
#..###..####..#
#..###.## ##..#
#......# ####
#....###..#### #.#
#.....# #.###.# ##.#
#.##### #..# #.....#
#####.########.#
#......#.......#####


You could see Terence.

Vanquished Creatures
  A worm (D:2)
  2 dart slugs (D:1)
  2 giant geckos
  A bat (D:2)
  A giant cockroach (D:1)
  A goblin (D:2)
  2 hobgoblins (D:1)
  8 kobolds
  2 giant newts (D:1)
  2 rats
22 creatures vanquished.

Notes
Turn   | Place    | Note
--------------------------------------------------------------
     0 | D:1      | CALLOUS the Merfolk Conjurer began the quest for the Orb.
     0 | D:1      | Reached XP level 1. HP: 13/13 MP: 3/3
    67 | D:1      | Reached skill level 3 in Dodging
   530 | D:1      | Reached XP level 2. HP: 19/19 MP: 0/5
  1796 | D:2      | Reached XP level 3. HP: 24/24 MP: 4/6
  1934 | D:2      | Reached skill level 4 in Dodging
  2213 | D:2      | Noticed Terence
  2289 | D:2      | Slain by Terence

Skill      XL: |  1  2  3 |
---------------+----------+-----
Dodging        | 3 4 |  4.0
Stealth        | 3 |  3.0
Fighting       | |  0.4
Spellcasting   | |  2.0
Conjurations   | |  3.2

Action                   || total
-------------------------++-------
Melee: Unarmed           ||   112
Throw: Stone             ||    27
 Cast: Magic Dart        ||    62
  Use: Potion            ||     1
 Stab: Sleeping          ||     2
  Eat: Meat ration       ||     1
Armor: Robe              ||     7
Dodge: Dodged            ||    50
